 Dungeon Crawl Stone Soup version 0.27.0-1-g7a089689b8 (webtiles) character file.

Game seed: 10410122367422698804

3648 KamiKatze the Blocker (level 10, -6/77 HPs)
             Began as a Formicid Fighter on Aug 2, 2021.
             Was a Believer of Okawaru.
             Splashed by Erica's acid (14 damage)
             ... on level 8 of the Dungeon.
             The game lasted 00:30:25 (9061 turns).

KamiKatze the Blocker (Formicid Fighter)            Turns: 9061, Time: 00:30:26

Health: -6/77      AC:  2    Str: 24    XL:     10   Next: 33%
Magic:  12/13      EV: 12    Int:  8    God:    Okawaru [**....]
Gold:   400        SH: 14    Dex: 10    Spells: 9/9 levels left

rFire    . . .     SeeInvis +   a - +1 war axe
rCold    . . .     Faith    .   c - +1 kite shield
rNeg     . . .     Spirit   .   b - +0 scale mail
rPois    .         Reflect  .   (helmet unavailable)
rElec    .         Harm     .   (no cloak)
rCorr    .         Rampage  .   z - +0 pair of gloves
Will     +....                  (no boots)
Stlth    +.........             (no amulet)
HPRegen  0.22/turn              (no ring)
MPRegen  0.13/turn              (no ring)

@: mighty, heroic, corroded
A: permanent stasis, dig shafts and tunnels, antennae 3, four strong arms
a: Dig, Shaft Self, Renounce Religion, Heroism


You were on level 8 of the Dungeon.
You worshipped Okawaru.
Okawaru was pleased with you.
You visited 2 branches of the dungeon, and saw 9 of its levels.

You collected 400 gold pieces.

Inventory:

Hand Weapons
 a - a +1 war axe (weapon)
 n - a +2 flail of protection
 y - a +0 broad axe
Missiles
 m - 7 curare-tipped darts (quivered)
 s - 8 atropa-tipped darts
 v - 19 poisoned darts
Armour
 b - a +0 scale mail (worn)
 c - a +1 kite shield (worn)
 q - a +0 chain mail
 z - a +0 pair of gloves (worn)
Jewellery
 d - an amulet of magic regeneration
Wands
 j - a wand of polymorph (12)
 k - a wand of mindburst (9)
 p - a wand of iceblast (7)
 u - a wand of charming (12)
 B - a wand of digging (4)
Scrolls
 f - 2 scrolls of enchant armour
 g - 2 scrolls of enchant weapon
 r - a scroll of immolation
 t - a scroll of fear
 A - 2 scrolls of amnesia {unknown}
 C - a scroll of holy word {unknown}
 D - a scroll of identify
Potions
 e - a potion of lignification
 h - a potion of mutation
 i - 3 potions of attraction
 l - 2 potions of curing {unknown}
 o - 3 potions of magic
 w - 2 potions of might
 x - a potion of brilliance {unknown}


   Skills:
 + Level 6.8(11.8) Fighting
 * Level 8.1(13.1) Axes
 + Level 6.8(11.8) Armour
 + Level 2.4(7.4) Dodging
 - Level 9.0(14.0) Shields
 + Level 4.0 Invocations
 + Level 3.6 Evocations


You had 9 spell levels left.
You didn't know any spells.
Your spell library contained the following spells:

 Spells                   Type           Power      Damage    Failure   Level
 Corona                   Hex            0%         N/A       65%         1
 Ensorcelled Hibernation  Hex/Ice        0%         N/A       78%         2
 Sublimation of Blood     Necr           0%         N/A       78%         2
 Wereblood                Tmut           0%         N/A       78%         2
 Dazzling Flash           Conj/Hex       0%         N/A       95%         3
 Frozen Ramparts          Ice            0%         1d2       95%         3
 Lesser Beckoning         Tloc           0%         N/A       95%         3
 Tukima's Dance           Hex            0%         N/A       95%         3
 Ice Form                 Ice/Tmut       0%         N/A       100%        4
 Iskenderun's Mystic Bla  Conj/Tloc      0%         2d3       100%        4
 Summon Ice Beast         Ice/Summ       0%         N/A       100%        4
 Manifold Assault         Tloc           0%         N/A       100%        5
 Starburst                Conj/Fire      0%         8x6d3     100%        6
 Summon Hydra             Summ           0%         N/A       100%        7
 Blink                    Tloc           Unusable   N/A       N/A         2

Dungeon Overview and Level Annotations

Branches:
Dungeon (8/15)             Temple (1/1) D:7
   Lair: D:8-11

Altars:
Ashenzari
Dithmenos
Elyvilon
Gozag
Hepliaklqana
Kikubaaqudgha
Makhleb
Nemelex Xobeh
Okawaru
Qazlal
Ru
Sif Muna
Trog
Uskayaw
Vehumet
Wu Jian
Xom
Yredelemnul
Zin
The Shining One

Shops:
D:7 :

Annotations:
D:8 Erica


Innate Abilities, Weirdness & Mutations

You cannot be hasted, slowed, berserked, paralysed or teleported.
You can dig through walls and to a lower floor.
You have a pair of large antennae on your head. (SInv)
Your four strong arms can wield two-handed weapons with a shield.


Message History

You start resting.
Magic restored.
You start resting.
You sense a monster nearby.
You start resting.
HP restored.
Found a scroll of enchant weapon.
g - 2 scrolls of enchant weapon (gained 1)
i - 3 potions of attraction (gained 1)
Found a basalt altar of Yredelemnul.
Erica is nearby!
Unknown command.
Erica shouts!
Erica gestures at you while chanting.
Your stasis prevents you from being slowed.
You gain the combat prowess of a mighty hero.
You feel very mighty all of a sudden.
Erica zaps a wand.
The bolt of acid hits you! The acid corrodes you!
You are splashed with acid!
Erica casts a spell at you. You block the lance of force.
You barely miss Erica.
Erica hits you with a +2 scimitar of flaming!
Erica burns you.
You slash Erica!
Erica is moderately wounded.
Erica casts a spell at you. You resist with some effort.
You barely miss Erica.
Erica is moderately wounded.
Erica hits you with a +2 scimitar of flaming!
* * * LOW HITPOINT WARNING * * *
Erica burns you.
* * * LOW HITPOINT WARNING * * *
You closely miss Erica.
Erica is moderately wounded.
Erica zaps a wand.
The bolt of acid hits you!
* * * LOW HITPOINT WARNING * * *
The acid corrodes you!
You are splashed with acid!
You die...

#.........#..#......# #..........
..........#..##....#####.........
..........##. ##......##.........
..........# #.........#.......
##.....#### .@.......##.......
#......### ..........# ###.....
##...#...###..# .......# ##...#
###..........###@.....## #..##
#....#.##.###.@.......#####.###
##..##.................##.....#
####.....................#...#
##...............#.....###.#
#.......>.....####...^..# ..
#.............# #.....## ##
#............## #.##### #
#............#####.....#####
#............##....###.#.##.


You could see Erica.

Vanquished Creatures
  Maggie (D:8)
  4 yaks (D:8)
  A steam dragon (D:8)
  An acid dragon (D:7)
  A water moccasin (D:6)
  2 orc warriors
  An ice beast (D:4)
  An ogre (D:5)
  2 centaurs
  A kobold brigand (D:7)
  A bullfrog (D:7)
  A gnoll sergeant (D:7)
  7 scorpions
  A water moccasin skeleton (D:6)
  2 centaur zombies
  4 crimson imps (D:4)
  2 hounds
  2 bullfrog skeletons
  6 orc priests
  A jelly (D:7)
  A centaur skeleton (D:7)
  Ijyb (D:3)
  2 iguanas
  7 orc wizards
  2 killer bee zombies (D:8)
  A hound skeleton (D:4)
  11 adders
  11 gnolls
  2 white imps
  4 ufetubi
  An adder skeleton (D:4)
  3 worms
  A dart slug (D:5)
  29 orcs
  5 endoplasms
  2 giant cockroaches
  5 goblins
  13 hobgoblins
  6 jackals
  5 quokkas
  8 ball pythons
  5 bats
  3 frilled lizards (D:2)
  6 kobolds
  6 rats
182 creatures vanquished.

Vanquished Creatures (others)
  An orc wizard (D:8)
  10 plants
11 creatures vanquished.

Grand Total: 193 creatures vanquished

Notes
Turn   | Place    | Note
-------+----------+-------------------------------------------
     0 | D:1      | KamiKatze the Formicid Fighter began the quest for the Orb.
     0 | D:1      | Reached XP level 1. HP: 18/18 MP: 1/1
   223 | D:1      | Reached XP level 2. HP: 23/24 MP: 2/2
   400 | D:1      | Reached skill level 4 in Shields
   586 | D:1      | You fall into a shaft and drop 1 floor!
   634 | D:2      | Reached XP level 3. HP: 29/29 MP: 3/3
   780 | D:2      | Found a burning altar of Makhleb.
   850 | D:2      | Reached XP level 4. HP: 24/37 MP: 4/4
  1508 | D:2      | Found a faded altar of an unknown god.
  1779 | D:3      | Reached XP level 5. HP: 41/42 MP: 5/5
  1813 | D:3      | Reached skill level 5 in Shields
  1824 | D:3      | HP: 2/42 [orc priest/divine providence (12)]
  1826 | D:3      | Reached XP level 6. HP: 2/48 MP: 6/6
  2104 | D:3      | Found a burning altar of Makhleb.
  2110 | D:3      | Found a bloodstained altar of Trog.
  2142 | D:3      | Noticed Ijyb
  2154 | D:3      | Killed Ijyb
  2618 | D:4      | Found a shimmering altar of Xom.
  2662 | D:4      | Noticed an ice beast
  2973 | D:4      | Reached XP level 7. HP: 54/55 MP: 7/7
  2990 | D:4      | Reached skill level 6 in Shields
  3375 | D:4      | Reached skill level 5 in Axes
  3628 | D:5      | Entered Level 5 of the Dungeon
  3668 | D:5      | Reached XP level 8. HP: 52/61 MP: 8/8
  3783 | D:5      | Reached skill level 7 in Shields
  3800 | D:5      | Found a shadowy altar of Dithmenos.
  3818 | D:5      | Reached skill level 5 in Fighting
  3818 | D:5      | Reached skill level 5 in Armour
  4047 | D:5      | You fall into a shaft and drop 3 floors!
  4077 | D:8      | Noticed Maggie
  4089 | D:8      | Killed Maggie
  4314 | D:7      | Found a staircase to the Ecumenical Temple.
  4330 | D:7      | Reached skill level 8 in Shields
  4330 | D:7      | Reached XP level 9. HP: 46/68 MP: 9/9
  4341 | Temple   | Entered the Ecumenical Temple
  4578 | Temple   | Became a worshipper of Warmaster Okawaru
  4616 | D:7      | Found Bem Lih's Book Shop.
  4687 | D:6      | Reached skill level 1 in Invocations
  4699 | D:6      | HP: 5/103 [poisoned by a water moccasin]
  5055 | D:7      | Found a sacrificial altar of Ru.
  5109 | D:7      | Reached skill level 1 in Evocations
  5650 | D:6      | Reached * piety under Okawaru
  6314 | D:6      | Found an ornate altar of the Wu Jian Council.
  7145 | D:7      | Reached skill level 1 in Dodging
  7145 | D:7      | Reached skill level 9 in Shields
  7415 | D:7      | Found a stormy altar of Qazlal.
  7524 | D:7      | Found a sparkling altar of Nemelex Xobeh.
  7692 | D:7      | HP: 2/69 [orc warrior (11)]
  8114 | D:7      | Reached ** piety under Okawaru
  8115 | D:7      | Reached XP level 10. HP: 45/77 MP: 12/12
  8369 | D:8      | Found a hazy altar of Hepliaklqana.
  8649 | D:8      | Noticed Erica
  9005 | D:8      | Found a basalt altar of Yredelemnul.
  9061 | D:8      | Splashed by Erica's acid

Illustrated notes

Levels and vault maps discovered:
D:1:      dpeg_arrival_boxorama, layout_loops_cross
D:2:      layout_loops_ring, hellmonk_ecumenical_altar_inner_sanctum,
          serial_bayou, serial_bayou_crossing, serial_bayou_pond_e,
          serial_bayou_pond_b, serial_bayou_pond_e, serial_bayou_ford_a,
          basic_altar
D:3:      layout_rooms, mainiacjoe_overflow_catwalk_spiral, uniq_ijyb
D:4:      layout_cave_pools, led_xom_imps, nicolae_ossuary_entry_plus,
          minmay_misc_feat_enclosed, guppyfry_early_lair_pool
D:5:      layout_basic, lemuel_tele_altar
D:6:      layout_basic, kennysheep_mini_moat, minmay_misc_feat_five,
          minmay_misc_feat_x
D:7:      layout_loops_ring, nicolae_ru_great_annihilating_truth,
          nicolae_qazlal_eye_of_the_storm, nemelex_spade_bored_becter,
          minmay_temple_entry_waves, serial_shops, shop, corner_web_ring,
          minmay_misc_feat_doors, minmay_misc_feat_room
D:8:      layout_cave_pools, mainiacjoe_overflow_alcove_2,
          nicolae_overflow_crystal_walls, grunt_ministairs_1, uniq_maggie,
          uniq_erica
Temple:   dpeg_chambers_temple

Skill      XL: |  1  2  3  4  5  6  7  8  9 10 |
---------------+-------------------------------+-----
Shields        | 4 5 6 8 9 |  9.0
Axes           | 3 4 5 6 7 8 |  8.1
Fighting       | 4 5 6 |  6.8
Armour         | 4 5 6 |  6.8
Invocations    | 3 4 |  4.0
Evocations     | 2 3 |  3.6
Dodging        | 1 2 |  2.4

Action                   |  1- 3 |  4- 6 |  7- 9 | 10-12 || total
-------------------------+-------+-------+-------+-------++-------
Melee: War axe           |    85 |   158 |   376 |    72 ||   691
Throw: Dart              |       |     1 |       |       ||     1
Invok: Heroism           |       |       |     1 |     1 ||     2
  Use: Scroll            |       |     7 |     7 |       ||    14
       Potion            |       |       |     5 |     1 ||     6
 Stab: Invisible         |       |       |     5 |       ||     5
Armor: Scale mail        |    37 |    70 |   125 |    18 ||   250
Dodge: Dodged            |    39 |    79 |   196 |    18 ||   332
Block: Kite shield       |    42 |   111 |   298 |    43 ||   494
